 Dungeon Crawl Stone Soup version 0.32-a0-893-gf85d74f360 (webtiles) character file.

Game seed: 7689845523213390143

142 Biggs the Slasher (level 5, -1/38 HPs)
             Began as a Coglin Gladiator on Apr 4, 2024.
             Slain by Eustachio
             ... wielding a +5 rapier of speed
              (4 damage)
             ... on level 4 of the Dungeon.
             The game lasted 00:06:11 (2631 turns).

Biggs the Slasher (Coglin Gladiator)                Turns: 2631, Time: 00:06:11

Health: -1/38      AC:  6    Str: 15    XL:     5   Next: 24%
Magic:  5/5        EV: 10    Int:  7    God:
Gold:   234        SH:  0    Dex: 17    Spells: 4/4 levels left

rFire   . . .        a - +0 long sword {Lucía}
rCold   . . .        s - +0 short sword (speed) {Fatehjeet}
rNeg    . . .        q - +0 ring mail
rPois   .            c - +0 helmet
rElec   .            (no cloak)
rCorr   .            (no gloves)
SInv    .            (no boots)
Will    .....        (amulet unavailable)
Stlth   +            (ring unavailable)
HPRegen 0.26/turn    (ring unavailable)
MPRegen 0.09/turn    (no gizmo)

%: no passive effects
@: revved
A: off-hand wielding, slow wielding, warmup strikes, no jewellery
a: Invent Gizmo


You were on level 4 of the Dungeon.
You visited 1 branch of the dungeon, and saw 4 of its levels.

You collected 234 gold pieces.

Inventory:

Hand Weapons
 a - a +0 long sword (weapon) {Lucía}
 f - a +0 dagger {Zarja}
 s - a +0 short sword of speed (offhand) {Fatehjeet}
Missiles
 d - 3 throwing nets (quivered)
 e - a javelin
Armour
 b - a +0 leather armour
 c - a +0 helmet (worn)
 q - a +0 ring mail (worn)
Wands
 v - a wand of polymorph (9)
Scrolls
 h - 4 scrolls of enchant armour {unknown}
 i - 6 scrolls of identify {unknown}
 j - 4 scrolls of teleportation {unknown}
 l - a scroll of poison {unknown}
 o - a scroll of brand weapon {unknown}
 p - a scroll of fog {unknown}
 u - a scroll of vulnerability {unknown}
 w - a scroll of amnesia {unknown}
Potions
 g - a potion of magic {unknown}
 k - 2 potions of ambrosia {unknown}
 m - a potion of cancellation {unknown}
 n - 3 potions of haste {unknown}
 r - a potion of brilliance {unknown}
 t - a potion of mutation {unknown}


   Skills:
 - Level 2.0 Fighting
 + Level 5.8 Long Blades
 - Level 1.7 Throwing
 - Level 2.6 Dodging


You had 4 spell levels left.
You didn't know any spells.
Your spell library contained the following spells:

 Spells                   Type           Power      Damage    Failure   Level
 Blink                    Tloc           0%         N/A       80%         2
 Ensorcelled Hibernation  Hex/Ice        0%         N/A       80%         2
 Lesser Beckoning         Tloc           0%         N/A       80%         2
 Momentum Strike          Conj/Tloc      0%         3d8       80%         2
 Passwall                 Erth           0%         N/A       95%         3
 Swiftness                Air            0%         N/A       95%         3
 Volatile Blastmotes      Fire/Tloc      0%         2d10      95%         3
 Vhi's Electric Charge    Tloc/Air       0%         N/A       100%        4
 Bombard                  Conj/Erth      0%         9d1       100%        6


Dungeon Overview and Level Annotations

Branches:
Dungeon (4/15)
 Temple: D:4-7

Altars:
Gozag
Hepliaklqana

Annotations:
D:4 Eustachio


Innate Abilities, Weirdness & Mutations

You can wield a second weapon in your off-hand.
It takes a long time for you to wield or remove held weapons.
Your first few attacks do less damage.
You cannot equip rings or amulets.


Message History

The shadow imp hits you.
You hit Eustachio but do no damage.
Eustachio is heavily wounded.
You closely miss Eustachio with your +0 long sword.
The shadow imp barely misses you.
Eustachio hits you with a +5 rapier of speed!
Unknown command.
You closely miss Eustachio with your +0 long sword.
Eustachio is heavily wounded.
You completely miss Eustachio with your +0 short sword of speed.
Eustachio hits you with a +5 rapier of speed!
* * * LOW HITPOINT WARNING * * *
The shadow imp hits you but does no damage.
Unknown command.
You barely miss Eustachio with your +0 long sword.
Eustachio is heavily wounded.
You hit Eustachio with your +0 short sword of speed.
Eustachio closely misses you. The shadow imp hits you.
* * * LOW HITPOINT WARNING * * *
Eustachio hits you with a +5 rapier of speed!
* * * LOW HITPOINT WARNING * * *
Okay, then.
You hit Eustachio but do no damage.
Eustachio is severely wounded.
You miss Eustachio with your +0 short sword of speed.
Eustachio screams, "Hey, you killed my favourite bat!"
Eustachio closely misses you. The shadow imp closely misses you.
Unknown command.
You hit Eustachio with your +0 long sword.
Eustachio is severely wounded.
You hit Eustachio with your +0 short sword of speed.
Eustachio hits you but does no damage.
Unknown command.
You hit Eustachio but do no damage.
Eustachio is severely wounded.
You closely miss Eustachio with your +0 short sword of speed.
The shadow imp closely misses you.
Eustachio hits you with a +5 rapier of speed.
You die...
Eustachio says, "Such is the fate of all honourless rascals."

#.### #.#..
#.#.# #.#.# #
#######(#.#.#
..........#.###
.......@.<....#
.......@5.#.#.#
..........# #
..........#
..........#
.........<#
..........#
#######+#..
####


You could see Eustachio and a shadow imp (summoned).

Vanquished Creatures
  Robin (D:3)
  3 adders (D:3)
  A dart slug (D:1)
  5 orcs (D:3)
  3 bats
  6 endoplasms
  A giant cockroach (D:2)
  12 hobgoblins
  5 quokkas
  10 ball pythons
  3 frilled lizards
  20 goblins
  10 kobolds
  7 rats
87 creatures vanquished.

Notes
Turn   | Place    | Note
-------+----------+-------------------------------------------
     0 | D:1      | Biggs the Coglin Gladiator began the quest for the Orb.
     0 | D:1      | Reached XP level 1. HP: 16/16 MP: 1/1
   177 | D:1      | Reached XP level 2. HP: 19/22 MP: 2/2
   312 | D:1      | Reached skill level 4 in Long Blades
   317 | D:1      | Reached XP level 3. HP: 10/27 MP: 3/3
  1460 | D:3      | Reached XP level 4. HP: 27/33 MP: 4/4
  1595 | D:3      | Reached skill level 5 in Long Blades
  1634 | D:3      | Noticed Robin
  1668 | D:3      | Killed Robin
  1920 | D:3      | Reached XP level 5. HP: 38/38 MP: 5/5
  1955 | D:3      | Found a hazy altar of Hepliaklqana.
  2184 | D:3      | Found an opulent altar of Gozag.
  2614 | D:4      | Noticed Eustachio
  2631 | D:4      | Slain by Eustachio

Illustrated notes

Levels and vault maps discovered:
D:1:      roadster_arrival_rocket_small, layout_rooms, serial_forest,
          infiniplex_forest_clump_medium, infiniplex_forest_corner_1,
          infiniplex_forest_lined_1, infiniplex_forest_end_3,
          infiniplex_forest_lined_room_2, infiniplex_forest_zigzag_1,
          infiniplex_forest_clump_tiny, minmay_small_reverse_x
D:2:      layout_basic
D:3:      minmay_recursive_quarters, layout_basic, nzn_hepliaklqana_mist_gate,
          nicolae_gozag_cash_rules_everything_around_me, uniq_robin
D:4:      layout_basic, nicolae_tso_besieged_by_evil, minmay_ogre_servants,
          uniq_eustachio

Skill      XL: |  1  2  3  4 |
---------------+-------------+-----
Long Blades    | 4 5 |  5.8
Fighting       | |  2.0
Throwing       | |  1.7
Dodging        | |  2.6

Action                     |  1- 3 |  4- 6 || total
---------------------------+-------+-------++-------
  Melee: Long sword        |    93 |   104 ||   197
         Dagger            |    87 |    52 ||   139
         Short sword       |       |    48 ||    48
   Stab: Distracted        |     1 |       ||     1
 Armour: Leather armour    |    62 |       ||    62
         Ring mail         |     5 |    69 ||    74
  Dodge: Dodged            |    75 |    42 ||   117

Table legend: (Time is in decaauts)
 A = Elapsed time spent in this place.
 B = Non-inter-level travel time spent in this place.
 C = Inter-level travel time spent in this place.
 D = Time resting spent in this place.
 E = Time spent auto-exploring this place.
 F = Levels seen in this place.
 G = Mean time per level.
                   A        B        C        D        E       F      G
               +--------+--------+--------+--------+--------+-----+--------+
         Total |   2626 |   2465 |    161 |      0 |   2041 |   4 |  656.5 |
       Dungeon |   2626 |   2465 |    161 |      0 |   2041 |   4 |  656.5 |
               +--------+--------+--------+--------+--------+-----+--------+

Top non-repeatable levels by time:
     D:3: 1191 daAuts
     D:1: 842 daAuts
     D:2: 577 daAuts
     D:4: 14 daAuts
